Map: Hecate LE

Players

NAVISpirit (souL)

  • Race: Terran Terran
  • League: Master
  • Spawn Location: 1:00

ShoWTimE - Winner!

  • Race: Protoss Protoss
  • League: Master
  • Spawn Location: 7:00

VOD

Have the link to the VOD?

Description

Time

  • Played on: Dec. 28, 2023, 7:46 a.m.
  • Length: 14:56
Show
View Real Time Build Order
Export as new Build Order

NAVISpirit Terran 

Build Orders:  

Get SALT Encoding   

  12  0:00  SCV  
  13  0:12  SCV  
  14  0:17  Supply Depot  
  14  0:24  SCV  
  15  0:38  SCV  
  15  0:40  Barracks  
  16  0:43  Refinery  
  16  0:50  SCV  
  17  1:02  SCV  
  18  1:16  SCV  
  19  1:27  Marine  
  19  1:28  Orbital Command  
  20  1:41  Command Center  
  20  1:52  Factory  
  20  1:55  SCV  
  21  2:03  Supply Depot  
  21  2:04  Barracks Reactor  
  21  2:08  SCV  
  22  2:21  SCV  
  23  2:33  SCV  
  24  2:40  Starport  
  24  2:45  Hellion x2  
  24  2:46  SCV  
  24  2:47  Marine  
  30  2:54  Orbital Command  
  30  2:58  SCV  
  31  3:06  Hellion x2  
  31  3:11  Barracks  
  35  3:15  Medivac  
  35  3:18  SCV  
  38  3:21  SCV  
  38  3:24  Supply Depot  
  39  3:30  SCV  
  39  3:33  Refinery  
  39  3:34  SCV  
  41  3:38  Marine, Factory Tech Lab  
  41  3:40  Supply Depot  
  42  3:42  SCV  
  42  3:43  Marine  
  42  3:46  SCV  
  45  3:54  SCV  
  46  3:56  Marine  
  46  3:58  SCV  
  44  4:05  Marine  
  44  4:06  SCV  
  44  4:08  Cyclone  
  42  4:10  Barracks Tech Lab, SCV  
  42  4:11  Bunker  
  42  4:12  Barracks  
  42  4:16  Marine  
  44  4:18  SCV  
  44  4:22  SCV  
  44  4:23  Marine, Engineering Bay  
  47  4:29  Stimpack  
  47  4:30  SCV  
  48  4:31  Marine  
  48  4:33  Marine  
  48  4:34  SCV  
  51  4:41  Marine  
  51  4:42  SCV  
  53  4:46  SCV  
  53  4:49  Supply Depot, Marine  
  53  4:52  Marine  
  55  4:54  SCV  
  55  4:58  SCV  
  55  4:59  Marine  
  59  5:05  Starport Reactor  
  59  5:07  SCV, Marine  
  59  5:09  Refinery  
  59  5:10  Refinery, Missile Turret, SCV  
  59  5:11  Missile Turret  
  59  5:12  Combat Shield  
  59  5:14  Factory Reactor  
  61  5:16  Marine x2  
  61  5:19  SCV  
  64  5:23  Supply Depot  
  64  5:24  Terran Infantry Weapons Level 1  
  64  5:28  SCV  
  65  5:31  SCV, Marine, Marauder  
  69  5:35  Marine  
  70  5:43  Supply Depot  
  70  5:45  Marauder, Medivac  
  70  5:46  Supply Depot  
  74  5:52  Widow Mine x2  
  77  5:58  Marine  
  78  6:05  Marauder, Medivac  
  78  6:07  Marauder  
  78  6:08  Supply Depot  
  78  6:10  Supply Depot, Concussive Shells  
  84  6:11  Marine  
  84  6:13  Widow Mine  
  87  6:19  Marine  
  87  6:23  Command Center  
  87  6:25  Widow Mine  
  90  6:27  Marauder  
  90  6:29  Medivac  
  90  6:30  Marine, Marauder  
  97  6:36  Marine, Widow Mine  
  97  6:37  Medivac  
  102  6:43  Supply Depot  
  102  6:45  Supply Depot  
  102  6:47  Marine  
  102  6:52  Marauder  
  105  6:59  Widow Mine x2  
  105  7:00  SCV  
  110  7:01  Barracks x2  
  110  7:04  SCV, Medivac  
  110  7:06  Marine  
  114  7:12  SCV  
  115  7:17  Ghost Academy  
  115  7:19  Supply Depot, SCV  
  115  7:20  Supply Depot, Widow Mine  
  116  7:24  SCV, Marauder  
  116  7:27  Marine, Marauder  
  122  7:31  SCV  
  122  7:36  SCV  
  124  7:37  Terran Infantry Armor Level 1  
  124  7:43  SCV  
  126  7:45  Armory  
  126  7:48  SCV  
  129  7:52  Supply Depot, Ghost  
  129  7:53  Ghost  
  129  7:54  Supply Depot, Barracks Tech Lab, Barracks Reactor  
  129  7:55  SCV, Marine  
  132  8:00  SCV  
  133  8:06  Orbital Command  
  133  8:07  SCV  
  133  8:10  Widow Mine  
  133  8:12  SCV  
  137  8:16  Ghost  
  137  8:17  Marine x2, Bunker  
  137  8:19  SCV  
  142  8:21  Supply Depot  
  142  8:24  SCV  
  142  8:25  Refinery  
  142  8:26  Refinery  
  143  8:29  Engineering Bay  
  143  8:31  SCV  
  143  8:33  SCV  
  143  8:34  Supply Depot  
  145  8:36  SCV, Widow Mine  
  148  8:41  Ghost x2  
  148  8:42  Marine x2  
  148  8:43  SCV  
  148  8:45  SCV  
  148  8:48  SCV, Ghost  
  154  8:49  Marine  
  154  8:53  Marine  
  159  9:01  Viking x2  
  162  9:10  Command Center  
  162  9:11  Marauder x2  
  162  9:15  Supply Depot  
  166  9:18  Marine  
  166  9:20  Missile Turret, Terran Infantry Weapons Level 2  
  166  9:21  Marine  
  168  9:31  Terran Ship Weapons Level 1, Viking x2  
  172  9:33  Supply Depot, Marine  
  172  9:35  Starport  
  172  9:38  Supply Depot  
  173  9:43  Marine, Marauder  
  176  9:49  Terran Infantry Armor Level 2  
  176  9:50  Barracks, Marauder  
  178  9:52  Barracks  
  178  9:53  Marine, Marauder  
  178  9:54  Barracks  
  177  10:00  Marine  
  177  10:02  Marine  
  177  10:05  Marauder  
  182  10:09  SCV, Marine  
  182  10:12  Marauder  
  182  10:16  SCV, Bunker  
  182  10:18  Marine  
  182  10:19  Marauder  
  186  10:22  Marine  
  186  10:26  Marauder  
  189  10:29  SCV x2, Viking x2  
  189  10:31  SCV  
  189  10:33  Marauder  
  186  10:38  Marine  
  186  10:40  Marauder  
  189  10:44  SCV  
  189  10:45  SCV  
  189  10:47  Marauder  
  186  10:55  Marine, Marauder  
  168  10:57  Marine  
  168  10:59  Viking  
  168  11:00  Viking  
  168  11:02  Marauder  
  170  11:08  SCV  
  170  11:09  Marine, Marauder  
  153  11:13  Marine  
  153  11:14  Marine  
  153  11:16  Marauder  
  147  11:18  Marine  
  147  11:20  SCV  
  111  11:29  Viking  
  101  11:38  Viking x2  
  105  11:42  Ghost  
  105  11:43  Ghost x2  
  105  11:44  Marine  
  105  11:47  Marine  
  106  11:55  Marine  
  106  11:56  Marine  
  107  12:01  Orbital Command  
  107  12:02  Planetary Fortress  
  107  12:04  Marine  
  107  12:06  Marine  
  109  12:11  Marine  
  109  12:12  Marauder x2  
  114  12:20  Viking  
  113  12:24  Marine  
  113  12:27  Marine  
  113  12:29  Ghost, Medivac  
  119  12:31  Marine  
  119  12:33  Marauder  
  119  12:35  Marauder  
  124  12:40  SCV x3  
  127  12:48  Medivac  
  129  12:52  SCV x2  
  129  12:53  SCV  
  129  12:55  Marauder  
  129  12:56  Marauder  
  136  12:59  Marine  
  136  13:03  Medivac  
  136  13:04  SCV  
  136  13:05  SCV x2  
  142  13:07  Marauder  
  142  13:09  Marine  
  145  13:16  Marine, Marauder  
  145  13:18  Marauder  
  148  13:22  Marine  
  148  13:26  Marine  
  147  13:27  Marine  
  147  13:28  Marauder  
  147  13:30  SCV  
  145  13:36  SCV  
  145  13:37  Marine, Marauder  
  145  13:39  Marine, Marauder  
  142  13:44  Marine  
  142  13:46  Marine  
  133  13:50  Marauder  
  133  13:51  Widow Mine x2  
  133  13:52  SCV x3  
  142  13:58  Marine  
  142  13:59  Marauder  
  142  14:00  Marauder  
  147  14:04  SCV x3, Sensor Tower  
  149  14:10  Marine, Ghost  
  149  14:12  Marine, Widow Mine x2  
  149  14:16  SCV, Marine  
  159  14:20  Marauder  
  159  14:22  Marauder  
  165  14:28  Marine  
  150  14:35  Marine  
Show
View Real Time Build Order
Export as new Build Order

ShoWTimE Protoss - Winner!

Build Orders: 1 Gate Expand, Phoenix Opening, Zealot Archon 

Get SALT Encoding   

  12  0:00  Probe  
  13  0:12  Probe  
  14  0:17  Pylon  
  14  0:24  Probe (Chrono Boost)  
  15  0:35  Gateway  
  15  0:36  Probe (Chrono Boost)  
  16  0:45  Probe (Chrono Boost)  
  16  0:46  Assimilator  
  17  0:51  Probe  
  18  1:03  Probe  
  19  1:15  Probe  
  20  1:21  Nexus  
  20  1:31  Cybernetics Core  
  20  1:33  Probe  
  20  1:38  Assimilator  
  21  1:45  Probe  
  22  1:49  Pylon  
  22  1:57  Probe  
  23  2:04  Adept (Chrono Boost)  
  25  2:09  Probe  
  26  2:16  Stargate  
  26  2:22  Probe (Chrono Boost)  
  27  2:24  Adept (Chrono Boost)  
  27  2:29  Warp Gate  
  29  2:33  Probe (Chrono Boost)  
  31  2:40  Probe (Chrono Boost)  
  31  2:42  Probe (Chrono Boost)  
  32  2:46  Probe (Chrono Boost)  
  32  2:47  Stalker, Probe (Chrono Boost)  
  36  2:58  Probe  
  37  2:59  Probe, Pylon  
  37  3:03  Phoenix (Chrono Boost)  
  40  3:10  Probe  
  40  3:11  Shield Battery, Probe  
  44  3:22  Probe  
  44  3:23  Probe, Phoenix (Chrono Boost)  
  46  3:34  Probe  
  46  3:35  Gateway  
  46  3:36  Probe  
  48  3:41  Phoenix (Chrono Boost)  
  48  3:43  Pylon  
  48  3:46  Probe  
  48  3:48  Probe  
  52  3:59  Probe  
  52  4:00  Probe  
  52  4:01  Phoenix  
  53  4:11  Probe  
  53  4:12  Probe  
  55  4:18  Nexus  
  55  4:19  Pylon  
  55  4:23  Assimilator, Probe  
  56  4:24  Probe  
  56  4:25  Assimilator  
  57  4:33  Twilight Council  
  57  4:35  Probe  
  57  4:36  Probe  
  57  4:37  Pylon  
  59  4:47  Probe  
  59  4:48  Probe  
  61  4:59  Probe  
  62  5:00  Probe  
  62  5:01  Gateway  
  62  5:04  Gateway  
  63  5:07  Charge (Chrono Boost), Gateway, Sentry  
  63  5:10  Templar Archives  
  63  5:11  Probe  
  63  5:12  Probe  
  67  5:19  Forge  
  67  5:22  Gateway  
  67  5:23  Probe  
  67  5:26  Probe  
  69  5:29  Gateway  
  69  5:31  Probe  
  70  5:36  Probe  
  70  5:37  Gateway, Psionic Storm  
  70  5:38  Probe  
  72  5:43  Probe  
  72  5:46  High Templar  
  72  5:47  High Templar  
  72  5:48  Probe  
  78  5:50  Probe  
  78  5:51  Pylon  
  78  5:55  Probe  
  80  5:59  Zealot x2  
  80  6:00  Probe  
  80  6:03  Pylon  
  85  6:06  Shield Battery  
  85  6:10  Probe  
  85  6:11  Protoss Ground Armor Level 1 (Chrono Boost), Probe  
  87  6:15  Assimilator  
  87  6:17  Assimilator, Zealot  
  89  6:23  Pylon  
  89  6:26  High Templar  
  89  6:27  Shield Battery, Zealot x2  
  95  6:33  Zealot  
  95  6:35  Pylon  
  95  6:37  Pylon  
  97  6:43  Zealot, Robotics Facility  
  97  6:44  Zealot  
  97  6:47  Pylon  
  101  6:49  Zealot x2  
  105  6:55  Pylon  
  105  6:57  Photon Cannon  
  105  6:59  Photon Cannon  
  105  7:00  High Templar  
  107  7:04  Zealot x2  
  111  7:14  Zealot x4  
  119  7:19  Photon Cannon  
  117  7:24  Probe x3  
  117  7:26  Zealot  
  117  7:29  Shield Battery  
  122  7:34  Warp Prism (Chrono Boost)  
  122  7:36  Probe  
  123  7:41  Robotics Bay, High Templar x2  
  123  7:43  Zealot, Robotics Facility  
  131  7:45  Archon  
  131  7:48  Pylon  
  131  7:51  High Templar x2  
  135  7:59  Pylon  
  135  8:01  Zealot x3  
  142  8:06  Observer (Chrono Boost)  
  142  8:09  Pylon  
  142  8:10  Protoss Ground Weapons Level 1 (Chrono Boost)  
  142  8:11  Pylon  
  142  8:14  Forge  
  142  8:18  Observer (Chrono Boost)  
  143  8:27  Pylon  
  143  8:28  Colossus (Chrono Boost)  
  143  8:30  Zealot x3  
  143  8:31  Zealot  
  143  8:34  Colossus (Chrono Boost)  
  157  8:38  Pylon  
  163  8:45  Extended Thermal Lance (Chrono Boost)  
  163  8:46  Nexus  
  163  8:53  Protoss Ground Armor Level 2  
  163  9:07  Stalker x4, Photon Cannon  
  171  9:11  Blink  
  171  9:16  Zealot x2  
  175  9:17  Probe x2  
  175  9:18  Probe  
  184  9:33  Warp Prism (Chrono Boost)  
  184  9:36  Colossus (Chrono Boost)  
  186  9:42  Zealot x2, High Templar x2  
  192  9:46  Archon  
  182  10:02  Stalker x5  
  182  10:03  Stalker  
  184  10:13  Probe x3  
  179  10:14  Probe  
  179  10:15  Photon Cannon  
  179  10:16  Shield Battery  
  176  10:25  Zealot x3, Probe  
  176  10:26  Zealot x2  
  181  10:38  Gateway  
  181  10:40  Gateway  
  181  10:42  Gateway  
  185  10:43  Warp Prism (Chrono Boost)  
  185  10:46  Zealot  
  185  10:47  Disruptor (Chrono Boost)  
  187  10:54  Archon  
  187  10:56  Archon  
  179  10:57  Zealot x5  
  179  11:01  High Templar x2  
  187  11:07  Zealot  
  171  11:14  Disruptor  
  169  11:21  Zealot x5  
  149  11:28  Zealot  
  149  11:32  Disruptor, Protoss Ground Armor Level 3 (Chrono Boost)  
  137  11:35  Zealot x2  
  137  11:39  Assimilator  
  145  11:41  Assimilator  
  145  11:42  Protoss Ground Weapons Level 2 (Chrono Boost)  
  145  11:47  Zealot x4  
  145  11:49  Nexus  
  153  12:00  Zealot x4  
  159  12:06  Disruptor (Chrono Boost)  
  161  12:19  Archon  
  155  12:24  Disruptor (Chrono Boost), High Templar x2, Zealot x9  
  167  12:35  Gateway  
  159  12:37  Gateway, Observer  
  159  12:38  Disruptor (Chrono Boost)  
  163  12:46  High Templar x4  
  163  12:47  Zealot x5  
  163  12:49  Disruptor (Chrono Boost)  
  163  12:50  Archon  
  163  12:51  Archon  
  181  12:58  Probe  
  185  13:01  Disruptor (Chrono Boost)  
  185  13:03  Pylon  
  185  13:05  Zealot x2  
  193  13:10  High Templar x3  
  187  13:37  High Templar x5  
  187  13:40  Zealot x3  
  189  13:43  Observer  
  183  13:49  Zealot x3  
  191  13:56  Observer x2 (Chrono Boost), Probe x3  
  191  13:57  Probe, Pylon  
  195  14:06  Zealot x2  
  199  14:11  Nexus  
  199  14:13  Gateway  
  199  14:16  Gateway  
  195  14:24  Zealot x3  
  195  14:30  Zealot x8  
  176  14:47  Archon x2  
  176  14:48  Zealot x3  
Tags
 
Add a new tag
Caveats
  • Supply blocks, unpowered buildings, or Contaminate may cause inaccurate times.
  • Supply counts are checked every 10 seconds.